 Dungeon Crawl Stone Soup version 0.29.1-1-gd02db6906a (webtiles) character file.

Game seed: 11062070383940046812

53 Lambsauce the Covered (level 3, 0/33 HPs)
             Began as a Minotaur Fighter on Sept 23, 2022.
             Slain by a bat (1 damage)
             ... on level 3 of the Dungeon.
             The game lasted 00:04:44 (1904 turns).

Lambsauce the Covered (Minotaur Fighter)            Turns: 1904, Time: 00:04:44

Health: 0/33       AC:  7    Str: 22    XL:     3   Next: 62%
Magic:  2/2        EV:  8    Int:  5    God:
Gold:   21         SH:  8    Dex:  9    Spells: 2/2 levels left

rFire   . . .      SeeInvis .   e - +3 short sword (venom)
rCold   . . .      Faith    .   h - +0 kite shield
rNeg    . . .      Spirit   .   b - +0 scale mail
rPois   .          Reflect  .   (helmet restricted)
rElec   .          Harm     .   (no cloak)
rCorr   .          Rampage  .   (no gloves)
Will    .....                   (no boots)
Stlth   ..........              (no amulet)
HPRegen 0.11/turn               (no ring)
MPRegen 0.08/turn               (no ring)

@: mighty
A: horns 2, retaliatory headbutt
a: no special abilities


You were on level 3 of the Dungeon.
You visited 1 branch of the dungeon, and saw 3 of its levels.

You collected 21 gold pieces.

Inventory:

Hand Weapons
 a - a +0 war axe
 e - a +3 short sword of venom (weapon)
 f - a +2 dagger of venom
Armour
 b - a +0 scale mail (worn)
 c - a +0 buckler
 h - a +0 kite shield (worn)
Scrolls
 g - a scroll of vulnerability
 i - a scroll of identify
 j - 2 scrolls of teleportation


   Skills:
 + Level 4.2 Fighting
 + Level 2.8 Axes
 + Level 4.3 Armour
 + Level 0.2 Dodging
 + Level 4.2 Shields


You had 2 spell levels left.
You didn't know any spells.
Your spell library was empty.

Dungeon Overview and Level Annotations

Branches:
Dungeon (3/15)

Altars:

Annotations:
D:3 Sigmund


Innate Abilities, Weirdness & Mutations

You have a pair of horns on your head.
You reflexively headbutt those who attack you in melee.


Message History

The endoplasm hits you but does no damage.
You hear some strange, mumbled words.
You are confused.
The rat twitches its whiskers.
You feel very mighty all of a sudden. The endoplasm closely misses you.
You are too confused!
You are too confused!
You are too confused!
You bump into the rock wall.
Something hits you but does no damage.
The endoplasm hits you but does no damage.
You feel less confused.
You puncture the endoplasm!
You kill the endoplasm!
Something hits you but does no damage.
The orc priest looks satisfied for a moment.
You miss something. Something hits you!
You closely miss something. Your headbutt misses something.
The orc priest begins to cast a cantrip, but forgets the words!
Something hits you but does no damage.
You miss something. Your headbutt misses something. Something hits you.
* * * LOW HITPOINT WARNING * * *
You barely miss something. Something hits you.
* * * LOW HITPOINT WARNING * * *
As you read the scroll of teleportation, it crumbles to dust.
You feel strangely unstable. You block something's attack. Something hits you.
* * * LOW HITPOINT WARNING * * *
Your surroundings suddenly seem different.
An adder comes into view.
Found 2 clear potions and a metallic brown potion.
The adder hisses angrily.
A bat comes into view.
The bat hits you but does no damage. The bat hits you.
* * * LOW HITPOINT WARNING * * *
The bat hits you but does no damage. The adder attacks as you move away!
The adder bites you but does no damage. The bat hits you.
You die...

#.# #####.####
#........#
#........###
#...........
#........#
#..S.!...####
#.@b........#
#..#####..##.#
#.# ...# #.
..... # ##...#
⌠##...#
..##...
!..##..


You could see an adder and a bat.

Vanquished Creatures
  A dart slug (D:1)
  5 orcs (D:2)
  A bat (D:2)
  4 endoplasms
  2 giant cockroaches (D:1)
  4 hobgoblins
  3 jackals (D:1)
  A quokka (D:1)
  2 ball pythons (D:1)
  3 frilled lizards
  5 goblins
  6 kobolds
  3 rats
40 creatures vanquished.

Vanquished Creatures (others)
  2 demonic plants (D:1)
2 creatures vanquished.

Grand Total: 42 creatures vanquished

Notes
Turn   | Place    | Note
-------+----------+-------------------------------------------
     0 | D:1      | Lambsauce the Minotaur Fighter began the quest for the Orb.
     0 | D:1      | Reached XP level 1. HP: 19/19 MP: 0/0
   292 | D:1      | Reached XP level 2. HP: 27/27 MP: 1/1
   517 | D:1      | Found a faded altar of an unknown god.
   517 | D:1      | Noticed a sun demon
  1104 | D:2      | Reached XP level 3. HP: 33/33 MP: 2/2
  1870 | D:3      | Noticed Sigmund
  1897 | D:3      | HP: 1/33 [something (1)]
  1902 | D:3      | HP: 1/33 [bat (1)]
  1904 | D:3      | Slain by a bat

Illustrated notes

Levels and vault maps discovered:
D:1:      psy_arrival_radial02, layout_basic,
          dreamdust_ecumenical_altar_sealed_demon, st_stairs_10, minmay_unequal
D:2:      layout_basic
D:3:      layout_rooms, mainiacjoe_overflow_alcove_2, general_overflow_altar,
          demons_altar, hellmonk_ghost_happy_afterlife,
          nicolae_underground_beach, uniq_sigmund, uniq_grinder

Skill      XL: |  1  2 |
---------------+-------+-----
Shields        | 4 |  4.2
Armour         | 4 |  4.3
Fighting       | 4 |  4.2
Axes           | |  2.8
Dodging        | |  0.2

Action                   || total
-------------------------++-------
Melee: War axe           ||     8
       Short sword       ||    71
       Headbutt          ||    17
  Use: Potion            ||     6
       Scroll            ||     7
Armor: Scale mail        ||    37
Dodge: Dodged            ||    31
Block: Buckler           ||     7
       Kite shield       ||     9
